 Dungeon Crawl Stone Soup version 0.24.0-1-gfbc8707 (webtiles) character file.

Game seed: 6994466407226775131, levelgen mode: deterministic

88 Buxparty the Skirmisher (level 4, -1/37 HPs)
             Began as a Mummy Fighter on Jan 8, 2020.
             Slain by a bullfrog (2 damage)
             ... on level 5 of the Dungeon.
             The game lasted 00:05:51 (2110 turns).

Buxparty the Skirmisher (Mummy Fighter)             Turns: 2110, Time: 00:05:52

Health: -1/37      AC:  6    Str: 20    XL:     4   Next: 29%
Magic:  4/4        EV:  8    Int:  7    God:
Gold:   141        SH:  9    Dex: 13    Spells: 3/3 levels left

rFire    x . .     SeeInvis .   a - +0 trident
rCold    + . .     Gourm    .   c - +0 shield
rNeg     + + +     Faith    .   b - +0 scale mail
rPois    ∞         Spirit   .   (no helmet)
rElec    .         Reflect  .   (no cloak)
rCorr    .         Harm     +   (no gloves)
MR       .....                  (no boots)
Stlth    ..........             o - amulet of harm
HPRegen  0.12/turn              n - +1 ring of evasion
MPRegen  0.09/turn              q - +2 ring of dexterity

@: no status effects
A: no food or potions, fire vulnerability, cold resistance 1, negative energy
resistance 3, torment resistance, unbreathing
a: no special abilities


You were on level 5 of the Dungeon.
You were not hungry.

You visited 1 branch of the dungeon, and saw 4 of its levels.

You collected 141 gold pieces.

Inventory:

Hand Weapons
 a - a +0 trident (weapon)
 h - a cursed -2 hunting sling
Missiles
 j - 29 sling bullets
Armour
 b - a +0 scale mail (worn)
 c - a +0 shield (worn)
 g - a +0 chain mail
Jewellery
 d - an uncursed ring of poison resistance
 e - a +3 ring of intelligence
 n - a +1 ring of evasion (left hand)
 o - an amulet of harm (around neck)
 q - a +2 ring of dexterity (right hand)
Scrolls
 f - a scroll of enchant armour {unknown}
 i - 3 scrolls of enchant weapon
 k - a scroll of teleportation
 l - 3 scrolls of amnesia
 m - 2 scrolls of identify {unknown}
 p - 2 scrolls of remove curse {unknown}


   Skills:
 + Level 3.6 Fighting
 * Level 2.9 Polearms
 + Level 2.9 Armour
 - Level 2.4 Shields


You had 3 spell levels left.
You didn't know any spells.
Your spell library was empty.

Dungeon Overview and Level Annotations

Branches:
Dungeon (3/15)

Altars:
Kikubaaqudgha
Okawaru

Shops:
D:5 =


Innate Abilities, Weirdness & Mutations

You do not eat or drink.
Your flesh is vulnerable to fire.
You are immune to poison.
Your flesh is cold resistant. (rC+)
You are immune to negative energy. (rN+++)
You are immune to unholy pain and torment.
You can survive without breathing.


Message History

The bullfrog barely misses you.
You see here a club.
You block the bullfrog's attack.
The bullfrog hits you but does no damage.
The adder bites you. You block the bullfrog's attack. The bullfrog hits you.
The bullfrog barely misses you.
Found a ration.
The bullfrog barely misses you. The adder bites you. The bullfrog hits you.
The bullfrog hits you.
* * * LOW HITPOINT WARNING * * *
The adder bites you.
* * * LOW HITPOINT WARNING * * *
The bullfrog hits you.
* * * LOW HITPOINT WARNING * * *
The bullfrog closely misses you. You block the adder's attack.
The bullfrog hits you.
You die...

..........#.###..########
.............#...# ###
#...............###...#
#.....................<
#......%.............##
##...##..............#
....# ##....#.........#
.... #SF.##...>..#.## .##
##@####....##...
........# .....# #.
......... .....##
..#.........#.##
#........##.# ...........
.............
..##....###...


You could see a bullfrog and an adder.

Vanquished Creatures
  An adder (D:2)
  2 oozes
  2 worms (D:2)
  2 leopard geckos
  3 bats (D:2)
  4 giant cockroaches
  9 goblins
  14 hobgoblins
  8 kobolds
  2 ball pythons
  3 frilled lizards
  7 rats
57 creatures vanquished.

Notes
Turn   | Place    | Note
-------+----------+-------------------------------------------
     0 | D:1      | Buxparty the Mummy Fighter began the quest for the Orb.
     0 | D:1      | Reached XP level 1. HP: 18/18 MP: 1/1
    55 | D:1      | Reached XP level 2. HP: 15/24 MP: 2/2
   612 | D:1      | Reached XP level 3. HP: 25/29 MP: 3/3
  1341 | D:2      | Reached XP level 4. HP: 31/35 MP: 4/4
  1935 | D:3      | You fall into a shaft and drop 2 floors!
  1935 | D:5      | Entered Level 5 of the Dungeon
  1976 | D:5      | Noticed a bullfrog
  2005 | D:5      | Found Itsick's Jewellery Shop.
  2008 | D:5      | Found an ancient bone altar of Kikubaaqudgha.
  2012 | D:5      | Found an iron altar of Okawaru.
  2106 | D:5      | HP: 1/37 [bullfrog (7)]
  2110 | D:5      | Slain by a bullfrog

Levels and vault maps discovered:
D:1:      erik_arrival_cave_to_civilisation [erik_arrival_cave_to_hall],
          layout_basic, minmay_fountain_box, minmay_3d_cube
D:2:      layout_rooms
D:3:      layout_loops_corners, makhleb_blood_cavern_becter, first_ration,
          chequers_ecumenical_altar_simple_redux, minivault_5,
          lemuel_altar_in_water
D:5:      layout_cave_pools, grunt_temple_overflow_open,
          minmay_temple_entry_butterflies, serial_shops, shop,
          kennysheep_generic_room_3

Skill      XL: |  1  2 |
---------------+-------+-----
Polearms       | 2 |  2.9
Fighting       | |  3.6
Armour         | |  2.9
Shields        | |  2.4

Action                   |  1- 3 |  4- 6 || total
-------------------------+-------+-------++-------
Melee: Trident           |   181 |    53 ||   234
  Use: Scroll            |       |     3 ||     3
Armor: Scale mail        |    43 |    30 ||    73
Dodge: Dodged            |    39 |    30 ||    69
Block: Shield            |    71 |    42 ||   113
